 Dungeon Crawl Stone Soup version 0.31.0-9-g3a7656b989 (webtiles) character file.

Game seed: 3994927186229673359

1260 ssalbiz the Thaumaturge (level 8, -3/41 HPs)
             Began as a Deep Elf Conjurer on Jan 25, 2024.
             Was a Follower of Vehumet.
             Shot with an arrow by a centaur (4 damage)
             ... on level 7 of the Dungeon.
             The game lasted 00:10:03 (5913 turns).

ssalbiz the Thaumaturge (Deep Elf Conjurer)         Turns: 5913, Time: 00:10:04

Health: -3/41      AC:  5    Str:  4    XL:     8   Next: 27%
Magic:  30/32      EV: 13    Int: 26    God:    Vehumet [*.....]
Gold:   177        SH:  0    Dex: 19    Spells: 19/26 levels left

rFire   . . .        x - +0 short sword (speed)
rCold   . . .        (no shield)
rNeg    . . .        a - +0 robe
rPois   .            (no helmet)
rElec   .            r - +0 cloak
rCorr   +            h - +0 pair of gloves
SInv    .            s - +0 pair of boots
Will    .....        v - amulet "Luvagg" {RegenMP Fly rCorr MP+9}
Stlth   ++           g - +6 ring of dexterity
HPRegen 0.26/turn    (no ring)
MPRegen 0.63/turn

%: no passive effects
@: flying
A: no striking features
a: Renounce Religion


You were on level 7 of the Dungeon.
You worshipped Vehumet.
Vehumet was aware of your devotion.
You visited 2 branches of the dungeon, and saw 8 of its levels.

You collected 282 gold pieces.
You spent 105 gold pieces at shops.

Inventory:

Hand Weapons
 x - a +0 short sword of speed (weapon)
Missiles
 w - a throwing net
Armour
 a - a +0 robe (worn)
 h - a +0 pair of gloves (worn)
 r - a +0 cloak (worn)
 s - a +0 pair of boots (worn)
Jewellery
 g - a +6 ring of dexterity (left hand)
 v - the amulet "Luvagg" (around neck) {RegenMP Fly rCorr MP+9}
   (You bought it in a shop on level 4 of the Dungeon)

   [amulet of magic regeneration]

   RegenMP:   It increases your rate of magic regeneration.
   MP+9:      It affects your magic capacity (+9).
   Fly:       It grants you flight.
   rCorr:     It protects you from acid and corrosion.
Wands
 y - a wand of flame (22)
Scrolls
 d - a scroll of acquirement {unknown}
 k - 2 scrolls of fear {unknown}
 m - 2 scrolls of identify {unknown}
 o - 5 scrolls of teleportation {unknown}
 p - a scroll of enchant armour {unknown}
 q - 2 scrolls of noise {unknown}
 t - a scroll of blinking {unknown}
 u - 2 scrolls of amnesia {unknown}
Potions
 b - a potion of magic
 c - 2 potions of berserk rage {unknown}
 e - 2 potions of brilliance {unknown}
 f - 3 potions of cancellation {unknown}
 i - 2 potions of might {unknown}
 j - 2 potions of degeneration {unknown}
 l - a potion of curing {unknown}
 n - a potion of resistance {unknown}


   Skills:
 - Level 2.4 Dodging
 - Level 2.4 Stealth
 + Level 9.7 Spellcasting
 + Level 9.0 Conjurations


You had 19 spell levels left.
You knew the following spells:

 Your Spells              Type           Power      Damage    Failure   Level
a - Magic Dart            Conj           100%       1d8       1%          1
b - Searing Ray           Conj           100%       2d8       1%          2
c - Iskenderun's Mystic   Conj/Tloc      36%        2d9       8%          4

Your spell library contained the following spells:

 Spells                   Type           Power      Damage    Failure   Level
 Shock                    Conj/Air       100%       1d9       1%          1
 Stone Arrow              Conj/Erth      72%        3d11      2%          3
 Sandblast                Erth           24%        2d8       4%          1
 Brom's Barrelling Bould  Conj/Erth      36%        2d6       8%          4
 Fulminant Prism          Conj/Alch      18%        3d11      8%          4
 Fugue of the Fallen      Necr           12%        N/A       14%         3
 Ozocubu's Armour         Ice            12%        N/A       14%         3
 Passwall                 Erth           12%        N/A       14%         3
 Manifold Assault         Tloc           12%        N/A       43%         4


Dungeon Overview and Level Annotations

Branches:
Dungeon (7/15)             Temple (1/1) D:4

Altars:
Ashenzari
Cheibriados
Dithmenos
Elyvilon
Fedhas
Gozag
Hepliaklqana
Kikubaaqudgha
Okawaru
Qazlal
Ru
Sif Muna
Trog
Uskayaw
Vehumet
Wu Jian
Xom
Yredelemnul
Zin

Shops:
D:1 *   D:4 *   D:6 *

Annotations:
D:5 2 transporters, MysticSailboat's ghost, novice MiMo
D:6 Dowan; Duvessa


Message History

The centaur wields a +0 shortbow.
The centaur shoots an arrow.
The arrow barely misses you.
Casting: Magic Dart (safe; 1% risk of failure)
Confirm with . or Enter, or press ? or * to list all spells.
Aiming: Searing Ray (safe; 1% risk of failure)
Press: ? - help, Shift-Dir - straight line, f - centaur
Aim: a centaur, wielding a +0 shortbow (90% to hit)
The searing ray hits the centaur!
The centaur is heavily wounded.
The searing ray hits the centaur!
The centaur is heavily wounded. (Press . to maintain the ray.)
The centaur shoots an arrow.
The arrow hits you!
The centaur wields a +0 orcbow.
The centaur shoots an arrow.
The arrow hits you!
The searing ray hits the centaur!
The centaur is severely wounded.
The centaur shoots an arrow.
The arrow hits you!
The centaur shoots an arrow.
The arrow closely misses you.
The searing ray hits the centaur but does no damage.
The centaur is severely wounded.
The centaur shoots an arrow.
The arrow hits you!
* * * LOW HITPOINT WARNING * * *
The searing ray hits the centaur.
The centaur is almost dead.
You finish channelling your searing ray.
The centaur shoots an arrow.
The arrow closely misses you.
The centaur unwields a +0 shortbow.
The centaur closely misses you. x2
Casting: Searing Ray (safe; 1% risk of failure)
Confirm with . or Enter, or press ? or * to list all spells.
Aiming: Magic Dart (safe; 1% risk of failure)
Press: ? - help, Shift-Dir - straight line, f/p - centaur
Aim: a centaur (almost dead, 100% to hit)
Okay, then.
Unknown command.
Unknown command.
You completely miss the centaur.
The centaur is almost dead.
The centaur shoots an arrow.
The arrow hits you.
You die...

# #.# .. # #.
...##.. ## #.#
..#.#. .## #...#:#..
..#### #. .#...
#....## #.# .c. #
#.....# #..##.##..#
......# #...@c..#
......## #.#.#####
.......## #...##
........## ###..#
.........## ##.#
##....##..## #.##
########..#####..###
##....#.....##
##.............


You could see 2 centaurs.

Vanquished Creatures
  4 yaks
  An ice beast (D:7)
  A centaur (D:6)
  2 phantoms
  3 bombardier beetles
  2 hounds
  An orc priest (D:7)
  2 iguanas
  5 adders
  A white imp (D:4)
  11 orcs
  3 bats
  5 endoplasms
  6 giant cockroaches
  4 goblins
  8 hobgoblins
  8 kobolds
  6 quokkas
  4 ball pythons
  4 frilled lizards
  5 rats
86 creatures vanquished.

Notes
Turn   | Place    | Note
-------+----------+-------------------------------------------
     0 | D:1      | ssalbiz the Deep Elf Conjurer began the quest for the Orb.
     0 | D:1      | Reached XP level 1. HP: 10/10 MP: 6/6
   537 | D:1      | Reached XP level 2. HP: 15/15 MP: 5/8
   702 | D:1      | Found a faded altar of an unknown god.
   746 | D:1      | Found Lalal's Assorted Antiques.
  1347 | D:2      | Found a white marble altar of Elyvilon.
  1649 | D:2      | Reached skill level 5 in Conjurations
  1649 | D:2      | Reached XP level 3. HP: 14/19 MP: 4/10
  1671 | D:2      | Learned a level 2 spell: Searing Ray
  2607 | D:3      | Found a snail-covered altar of Cheibriados.
  2620 | D:3      | Reached XP level 4. HP: 24/24 MP: 4/12
  2682 | D:3      | Learned a level 4 spell: Iskenderun's Mystic Blast
  2702 | D:3      | You fall into a shaft and drop 2 floors!
  2702 | D:5      | Entered Level 5 of the Dungeon
  2702 | D:5      | Found a transporter.
  2723 | D:5      | Noticed MysticSailboat's ghost (novice MiMo)
  3030 | D:5      | Found a basalt altar of Yredelemnul.
  3145 | D:5      | Found an ornate altar of the Wu Jian Council.
  3216 | D:4      | Reached skill level 5 in Spellcasting
  3363 | D:4      | Found a staircase to the Ecumenical Temple.
  3372 | Temple   | Entered the Ecumenical Temple
  3395 | Temple   | Became a worshipper of Vehumet
  4093 | D:4      | Found Rumy's Assorted Antiques.
  4096 | D:4      | Bought a transparent graven amulet for 105 gold pieces
  4096 | D:4      | Identified the amulet "Luvagg" {RegenMP Fly rCorr MP+9}
                  | (You bought it in a shop on level 4 of the Dungeon)
  4221 | D:4      | Reached XP level 5. HP: 26/28 MP: 14/14
  4415 | D:4      | Noticed a phantom
  4430 | D:4      | Killed a phantom
  4930 | D:5      | Found a transporter.
  5018 | D:5      | Found a faded altar of an unknown god.
  5018 | D:5      | Found a faded altar of an unknown god.
  5020 | D:5      | Found a hazy altar of Hepliaklqana.
  5029 | D:5      | Reached XP level 6. HP: 32/32 MP: 17/17
  5314 | D:6      | Found Mantipn's Elemental Accessories.
  5548 | D:6      | Reached XP level 7. HP: 24/36 MP: 19/20
  5596 | D:6      | Noticed a yak
  5613 | D:6      | Killed a yak
  5615 | D:6      | Noticed a yak
  5621 | D:6      | Noticed a yak
  5622 | D:6      | Noticed a yak
  5623 | D:6      | Killed a yak
  5633 | D:5      | Killed a yak
  5663 | D:6      | Killed a yak
  5664 | D:6      | Reached XP level 8. HP: 41/41 MP: 23/23
  5692 | D:6      | Noticed Dowan
  5693 | D:6      | Noticed Duvessa
  5895 | D:7      | Reached * piety under Vehumet
  5895 | D:7      | Offered knowledge of Shock by Vehumet.
  5911 | D:7      | HP: 1/41 [centaur/arrow (13)]
  5913 | D:7      | Shot with an arrow by a centaur

Illustrated notes

Levels and vault maps discovered:
D:1:      kilobyte_arrival_exit_the_forest, layout_basic,
          ebering_ecumenical_altar_webs, serial_shops,
          nicolae_shop_just_a_little_nook
D:2:      layout_basic, basic_altar
D:3:      layout_basic, cheibriados_altar_1, minivault_26
D:4:      layout_loops_corners, minmay_temple_entry_antechambers, serial_shops,
          nicolae_shop_tiny_real_fake_doors
D:5:      layout_basic, nicolae_hepliaklqana_ecumenical_no_more,
          old_standard_altar, general_overflow_altar, gammafunk_ghost_stat_death
D:6:      minmay_goblin_kobold_castle, layout_rooms,
          mainiacjoe_overflow_boulevard, minmay_misc_feat_cross, nrook_campfire,
          nicolae_elemental_shop, uniq_duvessa
D:7:      layout_cave_pods, tso_altar, reono_crystal_passage,
          minmay_manual_mares, uniq_crazy_yiuf_cottage
Temple:   bh_familiar_temple

Skill      XL: |  1  2  3  4  5  6  7  8 |
---------------+-------------------------+-----
Spellcasting   | 4 5 6 7 9 |  9.7
Conjurations   | 5 6 7 8 9 |  9.0
Dodging        | |  2.4
Stealth        | |  2.4

Action                     |  1- 3 |  4- 6 |  7- 9 || total
---------------------------+-------+-------+-------++-------
  Melee: Short sword       |       |       |     1 ||     1
   Cast: Magic Dart        |    66 |    47 |    12 ||   125
         Searing Ray       |     5 |    21 |    12 ||    38
         Iskenderun's Myst |       |       |     1 ||     1
 Armour: Robe              |     7 |    12 |     9 ||    28
  Dodge: Dodged            |    14 |    10 |    13 ||    37
